[Event "Team 45 45 League T23"]
[Site "Internet Chess Club"]
[Date "2004.07.05"]
[Round "4"]
[White "hoyd"]
[Black "Bennie90"]
[Result "0-1"]
[WhiteElo "1700"]
[BlackElo "1932"]
[TimeControl "2700+45"]

1. c4 g6 2. Nf3 Bg7 3. d4 d6 4. e3 e5 5. dxe5 dxe5 6. Qxd8+ Kxd8 7. Nc3 c6 8.
Be2 f6 9. O-O Be6 10. Rd1+ Nd7 11. Rb1 Kc7 12. b4 Nb6 13. c5 Nd5 14. Nxd5+ Bxd5
15. a3 Ne7 16. Nd2 a5 17. Nc4 axb4 18. axb4 Ra2 19. Bf1 Be6 20. Nb6 h5 21. Bc4
Bxc4 22. Rd7+ Kb8 23. Rxe7 Bd3 24. Rb2 Ra1 25. h3 Rxc1+ 26. Kh2 Bh6 27. Rd2 Ba6
28. Rdd7 Bg5 29. Rg7 Rc2 30. b5 cxb5 31. Nd5 Rxc5 32. Nb4 Ka7 33. Rxg6 Rc4 34.
Nd5 Rf8 35. g3 b4 36. h4 b3 37. Ne7 b2 38. hxg5 b1=Q 39. Rxf6 Rxf6 40. gxf6 Qf1
41. Rd2 Rc1 42. Nc8+ Kb8 43. g4 hxg4 44. Rd1 Qh3+ 45. Kg1 Bf1 46. f7 Qg2# {White
checkmated} 0-1

[Event "Team 45 45 League T23"]
[Site "Internet Chess Club"]
[Date "2004.07.06"]
[Round "4"]
[White "Knight77"]
[Black "GoIrish"]
[Result "0-1"]
[WhiteElo "1789"]
[BlackElo "1632"]
[TimeControl "2700+45"]

1. d4 Nf6 2. c4 g6 3. Nf3 Bg7 4. Nc3 O-O 5. e4 d6 6. Be2 e5 7. dxe5 dxe5 8. Qxd8
Rxd8 9. Nxe5 Nxe4 10. Nxf7 Bxc3+ 11. bxc3 Kxf7 12. Bb2 Be6 13. O-O Nc6 14. Rfe1
Nc5 15. Ba3 Nd3 16. Red1 Bxc4 17. Rab1 b6 18. Bf3 Nde5 19. Rxd8 Nxf3+ 20. gxf3
Rxd8 21. Rb2 Rd3 22. Kg2 Rxc3 23. Bb4 Nxb4 24. Rxb4 Bxa2 25. Ra4 Bd5 26. Rxa7
Bxf3+ 27. Kg3 g5 28. h3 Kf6 29. Ra1 Kf5 30. Re1 b5 31. Re7 Bg4+ 32. Kh2 Rxh3+
33. Kg2 c5 34. Rc7 Rc3 35. Rxh7 b4 36. Rf7+ Kg6 37. Rc7 Bf3+ 38. Kh2 b3 {White
resigns} 0-1

[Event "Team 45 45 League T23"]
[Site "Internet Chess Club"]
[Date "2004.07.01"]
[Round "4"]
[White "Lizaveta"]
[Black "Pilgrim"]
[Result "0-1"]
[WhiteElo "1526"]
[BlackElo "1613"]
[TimeControl "2700+45"]

1. e4 c5 2. Nf3 d6 3. d4 cxd4 4. Nxd4 Nf6 5. Nc3 a6 6. Bg5 e6 7. Qf3 Be7 8.
O-O-O Qc7 9. Qg3 Nbd7 10. f4 Nc5 11. e5 dxe5 12. fxe5 Nfe4 13. Nxe4 Nxe4 14. Qf3
Bxg5+ 15. Kb1 Nd2+ 16. Rxd2 Bxd2 17. Bd3 Bd7 18. Rf1 O-O 19. Qh3 Bh6 20. Nf3 f5
21. g4 fxg4 22. Qxg4 Rf4 23. Qh3 Raf8 24. b3 Rxf3 25. Rxf3 Rxf3 26. Qxf3 g6 27.
Qg3 Bg7 28. Bc4 Bxe5 29. Qh3 Qd6 30. Qf1 Qd4 31. Qc1 Qa1# {White checkmated} 0-1

[Event "Team 45 45 League T23"]
[Site "Internet Chess Club"]
[Date "2004.07.01"]
[Round "4"]
[White "lucke"]
[Black "siddhu"]
[Result "1/2-1/2"]
[WhiteElo "1502"]
[BlackElo "1512"]
[TimeControl "2700+45"]

1. Nf3 Nc6 2. g3 e5 3. e4 Nf6 4. d3 d5 5. exd5 Nxd5 6. Qe2 Bg4 7. d4 Bxf3 8.
Qxf3 Nxd4 9. Qe4 Bd6 10. Nc3 Nxc3 11. bxc3 Nc6 12. Bb5 Qd7 13. O-O f5 14. Bxc6
bxc6 {Game drawn by mutual agreement} 1/2-1/2

[Event "Team 45 45 League T23"]
[Site "Internet Chess Club"]
[Date "2004.06.30"]
[Round "4"]
[White "SeniorCitizen"]
[Black "Two-DogMan"]
[Result "1-0"]
[WhiteElo "1354"]
[BlackElo "1455"]
[TimeControl "2700+45"]

1. e4 e5 2. Nf3 Nc6 3. Bb5 Nge7 4. c3 a6 5. Ba4 d5 6. d3 Bd7 7. h3 d4 8. cxd4
exd4 9. Bg5 h6 10. Bh4 Qc8 11. Bg3 Ng6 12. Bxc6 Bxc6 13. Nxd4 Bd7 14. Nc3 Bc5
15. Nb3 Bb4 16. a3 Bxc3+ 17. bxc3 O-O 18. Rb1 Re8 19. O-O b6 20. Qf3 c5 21. c4
b5 22. Bd6 bxc4 23. Nxc5 Bb5 24. dxc4 Bxc4 25. Rfc1 Qe6 26. Nxe6 Bxe6 27. Bg3
Ne7 28. Rc3 Nc8 29. Be5 g6 30. Qf6 Kf8 31. Qh8+ Ke7 32. Bf6+ Kd7 33. Qxh6 Ra7
34. Qd2+ Nd6 35. Be5 {Black resigns} 1-0

[Event "Team 45 45 League T23"]
[Site "Internet Chess Club"]
[Date "2004.07.04"]
[Round "4"]
[White "Koronin"]
[Black "Biggie"]
[Result "0-1"]
[WhiteElo "1636"]
[BlackElo "1979"]
[TimeControl "2700+45"]

1. e4 e5 2. Nf3 Nc6 3. Bc4 Nf6 4. Ng5 d5 5. exd5 Nd4 6. c3 b5 7. cxd4 bxc4 8.
dxe5 Nxd5 9. Nf3 Nb4 10. Qa4+ Bd7 11. Qd1 Nd3+ 12. Kf1 Bc5 13. b4 cxb3 14. Qxb3
Nxf2 15. d4 Bxd4 16. Bg5 Qc8 17. Nxd4 Nxh1 18. Qa3 c5 19. Kg1 O-O 20. Nf3 Ng3
21. hxg3 Re8 22. Nbd2 c4 23. Qc3 Be6 24. Rc1 Qc6 25. Nd4 Qc5 26. Be3 Qxe5 27.
Bf4 Qd5 28. Nxe6 Qxe6 29. Qxc4 Rac8 30. Qf1 Qxa2 31. Nf3 Rxc1 32. Qxc1 a5 33.
Qc6 Qb1+ 34. Kh2 Qe4 35. Qd7 Qe6 36. Qa7 Qf5 37. Nh4 Qh5 38. Qd7 f6 39. Kg1 Re1+
40. Kh2 Re4 41. Qd8+ Re8 42. Qd7 g5 43. Bxg5 fxg5 44. Qd5+ Kf8 45. Qf5+ Kg7 46.
Qd7+ Qf7 47. Qg4 h6 48. Qd4+ Kg8 49. Nf3 Qf5 50. Qc4+ Qe6 51. Qa4 Ra8 52. Nd4
Qd5 53. Nb5 Rb8 54. Nc7 Qe5 55. Qc4+ Kh8 56. Qf7 Qg7 57. Qc4 Rc8 58. Qb5 Qxc7
59. Qb2+ Qc3 60. Qb7 a4 61. Qa6 Qc6 62. Qa7 Kg8 63. Qe7 Re8 64. Qa7 Re2 65. Qb8+
Kg7 66. Kh3 Qxg2+ 67. Kg4 Qe4+ 68. Kh3 g4+ 69. Kh4 Rh2# {White checkmated} 0-1

[Event "Team 45 45 League T23"]
[Site "Internet Chess Club"]
[Date "2004.07.08"]
[Round "4"]
[White "BosqueVerde"]
[Black "e4ia"]
[Result "0-1"]
[WhiteElo "1334"]
[BlackElo "1516"]
[TimeControl "2700+45"]

1. e4 d5 2. exd5 Nf6 3. c4 e6 4. dxe6 Qe7 5. d4 Bxe6 6. Be3 Ng4 7. Be2 Nxe3 8.
fxe3 Qg5 9. g3 Bb4+ 10. Nd2 O-O 11. Qb3 Bxd2+ 12. Kxd2 b6 13. Nf3 Qe7 14. d5 Rd8
15. Nd4 Bh3 16. Bf3 Qf6 17. d6 c6 18. Kc2 Rxd6 19. Rad1 Nd7 20. Bxc6 Nc5 21. Qb5
Rb8 22. Rhe1 a6 23. Qb4 Rxc6 24. Nxc6 Qxc6 25. b3 Qe4+ 26. Kc3 Bf5 27. Rd2 Qe5+
28. Rd4 Ne6 29. Rd1 Qxe3+ 30. R4d3 Bxd3 31. Rxd3 Qc1# {White checkmated} 0-1

[Event "Team 45 45 League T23"]
[Site "Internet Chess Club"]
[Date "2004.07.01"]
[Round "4"]
[White "SeanT"]
[Black "Girlprodigy"]
[Result "1/2-1/2"]
[WhiteElo "1394"]
[BlackElo "1557"]
[TimeControl "2700+45"]

1. d4 d5 2. Nc3 Bf5 3. Nf3 e6 4. g3 Bb4 5. Bd2 Nf6 6. a3 Ba5 7. Bg2 h6 8. Ne5 c6
9. f3 Nbd7 10. Nxd7 Qxd7 11. b4 Bc7 12. Na4 b6 13. Nb2 O-O 14. Nd3 Bxd3 15. cxd3
e5 16. Bc3 Rfe8 17. O-O exd4 18. Bxd4 Qe7 19. Ra2 c5 20. Bxf6 Qxf6 21. f4 Qd4+
22. Kh1 cxb4 23. Qa4 a5 24. Bf3 Rad8 25. Rb1 Bd6 26. Qc6 Bc5 27. axb4 axb4 28.
Ra4 Re6 29. Qc7 Rde8 30. Re1 Qf2 31. Raa1 Rxe2 32. Bxe2 Rxe2 33. Qc8+ Bf8 34.
Rxe2 Qxe2 35. Ra8 Qf3+ 36. Kg1 Qe3+ 37. Kg2 Qe2+ 38. Kg1 Qe3+ 39. Kg2 Qe7 40.
Qc6 Qe2+ 41. Kg1 b3 42. Qxb6 b2 43. Rb8 Qd1+ 44. Kg2 Qe2+ 45. Kg1 Qxd3 46. Qxb2
Qe3+ 47. Kg2 d4 48. Rd8 d3 49. Qc3 Qe2+ 50. Kg1 Qe3+ 51. Kg2 Qe2+ 52. Kh3 Qh5+
53. Kg2 Qe2+ 54. Kg1 Qe3+ 55. Kg2 Qe2+ 56. Kh3 Qh5+ 57. Kg2 Qe2+ 58. Kg1 Qe3+
59. Kg2 Qe4+ 60. Kh3 Qf5+ 61. Kg2 Qe4+ 62. Kg1 Qe3+ 63. Kg2 Qe2+ 64. Kg1 Qe3+
65. Kg2 Qe2+ 66. Kg1 Qe3+ 67. Kh1 Qf3+ 68. Kg1 Qe3+ 69. Kg2 Qe4+ 70. Kf2 Qe2+
71. Kg1 Qe3+ 72. Kg2 Qe4+ 73. Kh3 Qe6+ 74. Kg2 Qe4+ 75. Kh3 Qe6+ 76. Kg2 Qe4+
77. Kg1 Qe3+ 78. Kg2 Qe4+ 79. Kf2 Qe2+ 80. Kg1 Qe3+ 81. Kg2 Qe2+ 82. Kh3 Qe6+
83. Kg2 Qe2+ 84. Kh3 Qe6+ 85. Kg2 Qe2+ 86. Kg1 Qe3+ 87. Kg2 Qe4+ 88. Kh3 Qe6+
89. Kg2 Qe4+ 90. Kg1 Qe3+ 91. Kg2 Qe4+ 92. Kh3 Qe6+ 93. Kg2 Qe4+ 94. Kg1 Qe3+
95. Kg2 Qe4+ 96. Kh3 Qe6+ 97. Kg2 Qe4+ 98. Kg1 Qe3+ 99. Kg2 Qe4+ 100. Kh3 Qe6+
101. Kg2 Qe4+ 102. Kg1 Qe3+ 103. Kg2 Qe4+ 104. Kh3 Qe6+ 105. Kg2 Qe2+ 106. Kg1
Qe3+ 107. Kg2 Qe4+ 108. Kh3 Qe6+ 109. Kg2 Qe4+ 110. Kg1 Qe3+ 111. Kg2 Qe2+ 112.
Kh3 Qh5+ 113. Kg2 Qe2+ 114. Kg1 Qe3+ 115. Kg2 Qe2+ 116. Kh3 Qh5+ 117. Kg2 Qe2+
118. Kg1 Qe3+ 119. Kg2 Qe2+ 120. Kh3 Qe6+ 121. Kg2 Qe2+ 122. Kg1 Qe3+ 123. Kg2
Qe2+ 124. Kh3 Qe6+ 125. Kg2 Qe2+ 126. Kg1 Qe3+ 127. Kg2 Qe2+ 128. Kh3 Qe6+ 129.
Kg2 Qe2+ 130. Kg1 Qe3+ 131. Kg2 Qe2+ 132. Kh3 Qe6+ 133. Kg2 Qe2+ 134. Kg1 Qe3+
135. Kg2 Qe2+ 136. Kh3 Qh5+ 137. Kg2 Qe2+ 138. Kg1 Qe3+ 139. Kg2 Qe2+ 140. Kh3
Qe6+ 141. Kg2 Qe2+ 142. Kg1 Qe3+ 143. Kg2 Qe2+ 144. Kh3 Qe6+ 145. Kg2 Qe2+ 146.
Kg1 Qe3+ 147. Kg2 Qe2+ 148. Kh3 Qe6+ 149. Kg2 Qe2+ 150. Kg1 Qe3+ 151. Kg2 Qe2+
152. Kh3 Qe6+ 153. Kg2 Qe2+ 154. Kg1 Qe3+ 155. Kg2 Qe2+ 156. Kh3 Qe6+ 157. Kg2
Qe2+ 158. Kg1 Qe3+ 159. Kg2 Qe2+ 160. Kh3 Qe6+ 161. Kg2 Qe2+ 162. Kg1 Qe3+ 163.
Kg2 Qe2+ 164. Kh3 Qe6+ 165. Kg2 Qe2+ 166. Kg1 Qe3+ 167. Kg2 Qe2+ 168. Kh3 Qe6+
169. Kg2 Qe2+ 170. Kh3 Qe6+ 171. Kg2 Qe2+ 172. Kg1 Qe3+ 173. Kf1 Qf3+ 174. Kg1
Qe3+ 175. Kg2 Qe2+ 176. Kh3 Qe6+ 177. Kg2 Qe2+ 178. Kg1 Qe3+ 179. Kg2 Qe2+ 180.
Kh3 Qe6+ 181. Kg2 Qe4+ 182. Kg1 Qe3+ 183. Kg2 Qe2+ 184. Kh3 Qe6+ {Game drawn by
repetition} 1/2-1/2

[Event "Team 45 45 League T23"]
[Site "Internet Chess Club"]
[Date "2004.07.03"]
[Round "4"]
[White "Lothar"]
[Black "siddhu"]
[Result "0-1"]
[WhiteElo "1503"]
[BlackElo "1532"]
[TimeControl "2700+45"]

1. d4 d5 2. c4 c6 3. Nc3 Nf6 4. e3 e6 5. Bd3 Nbd7 6. Nge2 e5 7. f3 Bb4 8. Bd2
Bxc3 9. Bxc3 O-O 10. Ng3 exd4 11. Bxd4 c5 12. Bc3 dxc4 13. Bxc4 Nb6 14. Qxd8
Rxd8 15. Bxf6 gxf6 16. Bb3 Be6 17. Bc2 Nc4 18. Ke2 Rd2+ {White resigns} 0-1

[Event "Team 45 45 League T23"]
[Site "Internet Chess Club"]
[Date "2004.07.03"]
[Round "4"]
[White "WannaB"]
[Black "MrJoshua"]
[Result "1/2-1/2"]
[WhiteElo "1195"]
[BlackElo "1150"]
[TimeControl "2700+45"]

1. e4 b6 2. Nf3 Bb7 3. Nc3 Nf6 4. Bd3 d6 5. O-O e5 6. Bb5+ Nbd7 7. Re1 a6 8. Bc4
Nc5 9. Ng5 Ne6 10. Nxe6 fxe6 11. Bxe6 Qe7 12. Bd5 Bxd5 13. exd5 O-O-O 14. d4 e4
15. Bg5 h6 16. Bxf6 gxf6 17. Qg4+ Rd7 18. Qe6 Qh7 19. Nxe4 Be7 20. Nxf6 Bxf6 21.
Qxf6 Rhd8 22. Re3 Qxc2 23. Rb3 Qd2 24. Qf5 Qxd4 25. Qd3 Qxd3 26. Rxd3 Re8 27.
Rd4 Re5 28. Kf1 h5 29. Re1 Rde7 30. Rxe5 Rxe5 31. f3 Kb7 32. Re4 Rxd5 33. Ke2 b5
34. Ke3 Kb6 35. Rd4 Re5+ 36. Re4 Rc5 37. Kd2 Rd5+ 38. Ke2 c5 39. b3 Re5 40. a3
Rxe4+ 41. fxe4 Kc6 42. Kd3 a5 43. h3 Kd7 44. g4 hxg4 45. hxg4 Ke6 46. b4 axb4
47. axb4 cxb4 48. Kc2 Ke5 49. Kb3 Kf4 50. Kxb4 Kxg4 51. Kxb5 Kf4 52. Kc6 Ke5 53.
Kd7 {Game drawn by mutual agreement} 1/2-1/2

[Event "Team 45 45 League T23"]
[Site "Internet Chess Club"]
[Date "2004.07.03"]
[Round "4"]
[White "DayDream01"]
[Black "littleboo"]
[Result "0-1"]
[WhiteElo "1008"]
[BlackElo "1179"]
[TimeControl "2700+45"]

1. d4 Nf6 2. c4 c5 3. d5 e5 4. dxe6 fxe6 5. Nf3 d5 6. e3 Nc6 7. Nc3 d4 8. exd4
cxd4 9. Nb5 Bb4+ 10. Bd2 Bc5 11. Bf4 O-O 12. Nc7 Bb4+ 13. Nd2 Bxd2+ 14. Qxd2 Ne4
15. Qd3 Nxf2 16. Kxf2 Rxf4+ 17. Kg3 Qh4# {White checkmated} 0-1

[Event "Team 45 45 League T23"]
[Site "Internet Chess Club"]
[Date "2004.07.05"]
[Round "4"]
[White "clarinetref"]
[Black "Prop"]
[Result "1-0"]
[WhiteElo "1362"]
[BlackElo "1282"]
[TimeControl "2700+45"]

1. Nf3 Nf6 2. g3 Nc6 3. Bg2 e5 4. d3 Bc5 5. e3 d5 6. O-O O-O 7. h3 d4 8. exd4
Nxd4 9. Nxe5 Qd6 10. Nc4 Qa6 11. Be3 Be6 12. Nbd2 Rad8 13. c3 Bxc4 14. Nxc4 Ne6
15. b3 Bxe3 16. fxe3 b5 17. Ne5 c5 18. d4 Rd6 19. Rf2 Nd7 20. Nxd7 Rxd7 21. Rd2
Rfd8 22. d5 Nc7 23. e4 Qf6 24. Qf3 Qe5 25. Rad1 a5 26. c4 bxc4 27. bxc4 Na8 28.
Rb1 Rb8 29. Rxb8+ Qxb8 30. Qf2 Qb4 31. Qe2 Nb6 32. Rb2 Qxc4 33. Qxc4 Rb7 34.
Qxc5 {Black resigns} 1-0

[Event "Team 45 45 League T23"]
[Site "Internet Chess Club"]
[Date "2004.07.01"]
[Round "4"]
[White "slakkjaw"]
[Black "BosqueVerde"]
[Result "0-1"]
[WhiteElo "1155"]
[BlackElo "1380"]
[TimeControl "2700+45"]

1. c4 Nf6 2. d4 d5 3. Nc3 e6 4. Nf3 Bb4 5. Qc2 c5 6. Bf4 Nc6 7. e3 Ne4 8. Bd3
Bxc3+ 9. bxc3 Qa5 10. Bxe4 dxe4 11. Nd2 b6 12. Nxe4 O-O 13. Bd6 Rd8 14. O-O Ba6
15. Ng5 f5 16. Nxe6 Rxd6 17. Qxf5 Bxc4 18. Qg4 Bxe6 19. Qe4 Qxc3 20. d5 Bxd5 21.
Qf4 Rad8 22. e4 Qb4 23. Rae1 Bc4 24. e5 Rd4 25. Qf6 Bxf1 26. Qe6+ Kh8 27. Kxf1
Qb5+ 28. Kg1 Rd1 29. h3 Rxe1+ 30. Kh2 h6 31. g4 Qf1 32. Kg3 Rf8 33. Kh4 Qxf2+
34. Kh5 Kh7 35. Qxc6 Rh1 36. Qe4+ Kg8 37. Qd5+ Qf7+ 38. Qxf7+ Rxf7 39. h4 Kh7
40. g5 g6+ 41. Kg4 Rg1+ 42. Kh3 h5 43. Kh2 Rb1 44. Kg3 Rg1+ 45. Kh2 Rc1 {White
resigns} 0-1

[Event "Team 45 45 League T23"]
[Site "Internet Chess Club"]
[Date "2004.07.03"]
[Round "4"]
[White "EyeAm"]
[Black "Mila-Reina"]
[Result "1-0"]
[WhiteElo "1254"]
[BlackElo "1133"]
[TimeControl "2700+45"]

1. e4 c5 2. c4 d6 3. Nf3 Nc6 4. Nc3 e6 5. Be2 Nf6 6. d4 b6 7. d5 Ne7 8. Bg5 Ng6
9. Qd2 Be7 10. O-O O-O 11. a4 h6 12. Bxh6 Ng4 13. Bf4 e5 14. Bg3 a6 15. h3 Bg5
16. Nxg5 f6 17. Ne6 Bxe6 18. dxe6 Nh6 19. Bh5 Ne7 20. f4 g6 21. f5 gxh5 22. Qxh6
Qe8 23. Bh4 d5 24. Bxf6 Rf7 25. Qh8# {Black checkmated} 1-0

[Event "Team 45 45 League T23"]
[Site "Internet Chess Club"]
[Date "2004.07.06"]
[Round "4"]
[White "MrGolden"]
[Black "cxi"]
[Result "1-0"]
[WhiteElo "1950"]
[BlackElo "2117"]
[TimeControl "2700+45"]

1. e4 e5 2. Nf3 Nc6 3. Bc4 Nf6 4. d4 exd4 5. O-O Bc5 6. e5 d5 7. exf6 dxc4 8.
Re1+ Be6 9. Ng5 Qd5 10. Nc3 Qf5 11. Nce4 Bf8 12. Nxf7 Kxf7 13. Ng5+ Kg6 14. fxg7
Bxg7 15. Rxe6+ Bf6 16. g4 Qd5 17. Nh3 Kf7 18. Nf4 Qc5 19. Qf3 Rhe8 20. Qe4 Kg8
21. Rxe8+ {Black resigns} 1-0

[Event "Team 45 45 League T23"]
[Site "Internet Chess Club"]
[Date "2004.07.04"]
[Round "4"]
[White "fileman"]
[Black "Gandalf"]
[Result "1-0"]
[WhiteElo "2034"]
[BlackElo "1877"]
[TimeControl "2700+45"]

1. e4 c6 2. d4 d5 3. exd5 cxd5 4. c4 Nf6 5. c5 Bg4 6. Bb5+ Nc6 7. f3 Bf5 8. Nc3
e6 9. Nge2 Be7 10. b4 O-O 11. a3 a5 12. Bxc6 bxc6 13. b5 cxb5 14. Nxb5 Qb8 15.
a4 e5 16. dxe5 Qxe5 17. Bf4 Qe6 18. Nc7 Qc6 19. Rc1 Ra7 20. Nd4 Qd7 21. c6 Qc8
22. Ndb5 Bb4+ 23. Kf2 Rxc7 24. Nxc7 Nh5 25. Qd4 Rd8 26. g4 Nxf4 27. Qxf4 Bd6 28.
Qxf5 Qxf5 29. gxf5 Bxc7 30. Rhd1 Rd6 31. Ke2 Kf8 32. Rc5 d4 33. Rc4 Rh6 34.
Rdxd4 Rxh2+ 35. Ke3 Rh1 36. Rd7 Re1+ 37. Kd3 Re7 38. Re4 {Black resigns} 1-0

[Event "Team 45 45 League T23"]
[Site "Internet Chess Club"]
[Date "2004.07.03"]
[Round "4"]
[White "Irvin"]
[Black "Plattner"]
[Result "0-1"]
[WhiteElo "1884"]
[BlackElo "1761"]
[TimeControl "2700+45"]

1. e4 e6 2. d4 d5 3. e5 c5 4. Nf3 Nc6 5. c3 Bd7 6. a3 cxd4 7. cxd4 Rc8 8. Be2
Nge7 9. Bd3 Qb6 10. Be3 Qxb2 11. Nbd2 Qc3 12. Qb1 Qa5 13. O-O Qd8 14. Nb3 b6 15.
Bg5 h6 16. Bh4 g5 17. Bg3 Bg7 18. h4 g4 19. Nh2 h5 20. Bf4 Nf5 21. Bxf5 exf5 22.
Bg5 f6 23. exf6 Bxf6 24. Re1+ Kf7 25. f4 Nxd4 26. Qd3 Bxg5 27. fxg5 Nxb3 28.
Qxd5+ Kg7 29. Qxb3 Re8 30. Red1 Qe7 31. Ra2 Qc5+ 32. Kh1 Be6 33. Qb2+ Qc3 34.
Qxc3+ Rxc3 35. Raa1 Bc8 36. Nf1 Re7 37. Kg1 Bb7 38. Rd2 f4 39. a4 Rc4 40. g3 f3
41. Kf2 Rce4 42. Raa2 Ba6 43. Rdc2 Re1 44. Nh2 Rh1 45. Nxf3 Rf1+ 46. Kg2 Rxf3
47. Rc6 Bb7 48. Rcc2 Rf8+ 49. Kh2 Rf1 50. Rg2 Ree1 {White resigns} 0-1

[Event "Team 45 45 League T23"]
[Site "Internet Chess Club"]
[Date "2004.07.06"]
[Round "4"]
[White "LoseOften"]
[Black "Bydlo"]
[Result "0-1"]
[WhiteElo "1739"]
[BlackElo "1775"]
[TimeControl "2700+45"]

1. e4 e6 2. d4 d5 3. Nc3 Bb4 4. Ne2 dxe4 5. a3 Be7 6. Nxe4 Nf6 7. N2g3 O-O 8. c3
Nxe4 9. Nxe4 f5 10. Nd2 c5 11. Nf3 cxd4 12. Nxd4 Qd5 13. Qf3 Qxf3 14. Nxf3 Nc6
15. Bc4 Bf6 16. O-O Kh8 17. Re1 e5 18. Ng5 Nd8 19. b4 e4 20. Bd2 h6 21. Nh3 Be6
22. Bxe6 Nxe6 23. f3 Rad8 24. Rad1 Rxd2 25. Rxd2 Bxc3 26. Rde2 Nd4 27. fxe4
Nxe2+ 28. Rxe2 Bd4+ 29. Kh1 fxe4 30. g3 e3 31. Nf4 Rf6 32. Kg2 Rd6 33. Kf3 g5
34. Ng2 Rf6+ 35. Ke4 Rf2 36. Re1 Rxg2 37. Kxd4 e2 38. Kd5 Rxh2 39. Kd6 Rg2 40.
g4 Rxg4 41. Rxe2 Rf4 42. Re7 Kg8 43. Rxb7 Rf7 44. Rxf7 Kxf7 45. Ke5 Ke7 46. b5
Kd7 47. a4 Kc7 48. a5 h5 49. Kf5 g4 50. Kf4 Kd6 51. Kg3 Kc5 52. b6 axb6 53. a6
Kc6 54. Kf4 {White resigns} 0-1

[Event "Team 45 45 League T23"]
[Site "Internet Chess Club"]
[Date "2004.07.02"]
[Round "4"]
[White "IAMC"]
[Black "drawyah"]
[Result "1/2-1/2"]
[WhiteElo "2142"]
[BlackElo "2317"]
[TimeControl "2700+45"]

1. e4 e5 2. Nc3 Nf6 3. f4 d5 4. fxe5 Nxe4 5. Nf3 Bg4 6. Qe2 Nxc3 7. bxc3 Nc6 8.
d4 Be7 9. Qe3 O-O 10. Bd3 f6 11. O-O fxe5 12. Nxe5 Rxf1+ 13. Kxf1 Nxe5 14. dxe5
Qf8+ 15. Ke1 Re8 16. Qd4 Be6 17. Be3 c5 18. Qf4 c4 19. Qxf8+ Rxf8 20. Be2 Rf5
21. Bd4 Bf7 {Game drawn by mutual agreement} 1/2-1/2

[Event "Team 45 45 League T23"]
[Site "Internet Chess Club"]
[Date "2004.07.02"]
[Round "4"]
[White "Wolfenspitz"]
[Black "elnik"]
[Result "1-0"]
[WhiteElo "2018"]
[BlackElo "1919"]
[TimeControl "2700+45"]

1. e4 c5 2. Nc3 Nc6 3. g3 g6 4. Bg2 Bg7 5. d3 d6 6. Be3 Nf6 7. Nge2 O-O 8. O-O
a6 9. h3 b5 10. e5 Bd7 11. exf6 Bxf6 12. a3 Rb8 13. Rb1 b4 14. Nd5 Bg7 15. axb4
cxb4 16. c3 e6 17. Ndf4 d5 18. d4 b3 19. Kh2 Na5 20. Nd3 Nc4 21. Bf4 Rb6 22. Qc1
Re8 23. Ne5 Bb5 24. Nxc4 Bxc4 25. Re1 a5 26. Ra1 Ra6 27. Qd2 Qb6 28. Bh6 Bf6 29.
Nc1 a4 30. Nd3 Rb8 31. Ne5 Bb5 32. Bf1 Be7 33. Bxb5 Qxb5 34. Reb1 a3 35. bxa3
Bxa3 36. Nd3 Qc4 37. Nb2 Bxb2 38. Rxa6 Qxa6 39. Rxb2 Qb6 40. Qe3 f6 41. Qf3 Kf7
42. Bf4 Ra8 43. Be5 f5 44. Qe3 Ra2 45. Rb1 Qb5 46. Kg2 Qa4 47. Qc1 Rc2 48. Qh6
Rxf2+ 49. Kxf2 Qa2+ 50. Ke3 Qxb1 51. Qxh7+ Ke8 52. Qxg6+ Kd7 53. Qf7+ Kc6 54.
Qc7+ Kb5 55. Qb7+ Kc4 56. Qb4# {Black checkmated} 1-0

[Event "Team 45 45 League T23"]
[Site "Internet Chess Club"]
[Date "2004.07.05"]
[Round "4"]
[White "azbycx"]
[Black "GreatBendini"]
[Result "1-0"]
[WhiteElo "1932"]
[BlackElo "1843"]
[TimeControl "2700+45"]

1. e4 d5 2. exd5 Qxd5 3. Nc3 Qd6 4. d4 Nf6 5. Bd3 Nc6 6. Nge2 Nb4 7. Bf4 Nxd3+
8. Qxd3 Qc6 9. d5 Qc5 10. Nb5 Bf5 11. Nxc7+ Qxc7 12. Qxf5 Qa5+ 13. Nc3 e6 14.
Qe5 Bb4 15. dxe6 Bxc3+ 16. bxc3 Qxe5+ 17. Bxe5 fxe6 18. O-O-O O-O 19. f3 Rad8
20. Rhe1 Kf7 21. Rd3 Rd5 22. Bxf6 gxf6 23. Rxd5 exd5 24. Kd2 Rg8 25. Re2 Rg5 26.
Kd3 Re5 27. Re3 Ke6 28. f4 Rxe3+ 29. Kxe3 Kf5 30. h3 h5 31. g3 Ke6 32. g4 hxg4
33. hxg4 b5 34. Kd4 Kd6 35. g5 fxg5 36. fxg5 a5 37. g6 Ke6 38. g7 {Black
resigns} 1-0

[Event "Team 45 45 League T23"]
[Site "Internet Chess Club"]
[Date "2004.07.05"]
[Round "4"]
[White "bbbad"]
[Black "deathmage"]
[Result "0-1"]
[WhiteElo "1659"]
[BlackElo "1666"]
[TimeControl "2700+45"]

1. e4 e6 2. d4 d5 3. Nc3 Bb4 4. Qg4 g6 5. e5 c5 6. Bd2 Nc6 7. Nf3 cxd4 8. Nxd4
Nxe5 9. Qf4 Bd6 10. Bb5+ Bd7 11. Bxd7+ Qxd7 12. O-O Nc4 13. Qg5 Nxd2 14. Qxd2
Nf6 15. Ncb5 O-O 16. Nxd6 Qxd6 17. Nb5 Qb6 18. Nd4 Rfc8 19. c3 Rd8 20. Rfe1 a6
21. Kh1 Qc7 22. Qg5 Ne4 23. Qe3 e5 24. Nf3 f5 25. Nd2 d4 26. cxd4 exd4 27. Qb3+
Qf7 28. Qxf7+ Kxf7 29. Nxe4 fxe4 30. Rxe4 Rd7 31. Rd1 Rc8 32. Re2 Kf6 33. Kg1 d3
34. Red2 Rc2 35. f3 Rxd2 36. Rxd2 Ke5 37. Kf2 Kd4 38. g3 Rc7 39. Ke1 Rc1+ 40.
Rd1 Rxd1+ 41. Kxd1 Ke3 42. f4 h5 43. b3 Kf3 44. Kd2 Kg2 45. Kxd3 Kxh2 46. Ke3
Kxg3 {White resigns} 0-1

[Event "Team 45 45 League T23"]
[Site "Internet Chess Club"]
[Date "2004.07.05"]
[Round "4"]
[White "SandiaCaveMan"]
[Black "fuzzface"]
[Result "0-1"]
[WhiteElo "1289"]
[BlackElo "1349"]
[TimeControl "2700+45"]

1. d4 d5 2. Nf3 Nf6 3. e3 Bg4 4. Nbd2 e6 5. c3 Bd6 6. Bd3 Nc6 7. Qc2 Qe7 8. O-O
h6 9. Re1 O-O 10. e4 dxe4 11. Nxe4 Bxf3 12. Nxd6 Qxd6 13. gxf3 e5 14. Kh1 exd4
15. Rg1 Nh5 16. Bxh6 Qxh6 17. Rg4 Ne5 18. Rh4 Nxf3 19. Bh7+ Kh8 20. Rh3 Qf4 21.
Rxh5 Ng5 22. Rg1 Qf3+ 23. Rg2 Qxh5 24. Qf5 Qd1+ 25. Rg1 Qf3+ 26. Rg2 Qxf5 27.
Bxf5 Nf3 28. Rg3 Nh4 29. Rh3 g6 30. Rxh4+ Kg7 31. Rg4 Rae8 32. cxd4 Re2 33. Kg2
Rxb2 34. h4 Rh8 35. Kg3 Rd2 36. Rg5 Rh5 37. Kg4 Rxd4+ 38. f4 Rxg5+ 39. Kxg5 f6+
40. Kg4 gxf5+ 41. Kxf5 c5 42. h5 c4 43. h6+ Kxh6 44. Kxf6 Rxf4+ {White resigns}
0-1

[Event "Team 45 45 League T23"]
[Site "Internet Chess Club"]
[Date "2004.07.01"]
[Round "4"]
[White "SilverKnight"]
[Black "mrmarck"]
[Result "1-0"]
[WhiteElo "1341"]
[BlackElo "1318"]
[TimeControl "2700+45"]

1. e4 e5 2. f4 exf4 3. Nf3 d6 4. d4 Bg4 5. Bxf4 Nc6 6. Nc3 Nf6 7. Bc4 Be7 8. h3
Bh5 9. g4 Bg6 10. Qe2 O-O 11. O-O-O Nd7 12. Nd5 Bf6 13. Nxf6+ Qxf6 14. Bg5 Nxd4
15. Rxd4 Qxd4 16. Nxd4 Rae8 17. Bd3 d5 18. Nf5 Nc5 19. Ne7+ Kh8 20. Rf1 dxe4 21.
Nxg6+ hxg6 22. Bc4 f5 23. Be3 f4 24. Bxc5 f3 25. Qe3 Rf6 26. Bd4 Rff8 27. Qh6#
{Black checkmated} 1-0

[Event "Team 45 45 League T23"]
[Site "Internet Chess Club"]
[Date "2004.07.02"]
[Round "4"]
[White "NineMilly"]
[Black "klt713"]
[Result "1-0"]
[WhiteElo "1301"]
[BlackElo "1239"]
[TimeControl "2700+45"]

1. e4 c5 2. c4 Nc6 3. Nf3 g6 4. Nc3 Bg7 5. Qc2 d6 6. Nd5 e6 7. Nf4 Nge7 8. d3
O-O 9. Be3 a6 10. g3 Rb8 11. Rb1 f5 12. Ng5 Rf6 13. Bg2 Ne5 14. b3 N7c6 15. O-O
Qe7 16. Rbd1 Rf8 17. Rd2 Nb4 18. Qb1 h6 19. Nf3 fxe4 20. Nxe5 Bxe5 21. Nxg6 Qg7
22. Nxf8 Qxf8 23. Bxe4 Nc6 24. Bxc6 bxc6 25. Qd1 Qf3 26. Qxf3 {Black resigns}
1-0

[Event "Team 45 45 League T23"]
[Site "Internet Chess Club"]
[Date "2004.07.04"]
[Round "4"]
[White "ffplayer"]
[Black "Tom45"]
[Result "1-0"]
[WhiteElo "1107"]
[BlackElo "1095"]
[TimeControl "2700+45"]

1. d4 d5 2. c4 dxc4 3. Nc3 Nf6 4. Bg5 h6 5. Bxf6 exf6 6. e3 Bb4 7. Bxc4 Bxc3+ 8.
bxc3 O-O 9. Nf3 Bf5 10. O-O Qd7 11. Qb3 b6 12. Rfe1 c5 13. Rad1 Qc7 14. d5 Be4
15. Be2 Bf5 16. c4 Na6 17. a3 Rad8 18. h3 g5 19. Bd3 Bxd3 20. Rxd3 Rfe8 21. e4
f5 22. e5 g4 23. d6 Qc6 24. hxg4 fxg4 25. Nh4 Re6 26. Nf5 Kh7 27. Rg3 f6 28. Qd3
h5 29. Ne7+ f5 30. Nxc6 {Black resigns} 1-0

[Event "Team 45 45 League T23"]
[Site "Internet Chess Club"]
[Date "2004.07.07"]
[Round "4"]
[White "e4ia"]
[Black "lucke"]
[Result "1-0"]
[WhiteElo "1507"]
[BlackElo "1469"]
[TimeControl "2700+45"]

1. c4 Nf6 2. Nc3 e5 3. e4 Nc6 4. Nf3 g6 5. g3 Bg7 6. Bg2 O-O 7. O-O d6 8. h3 a6
9. d3 Be6 10. Be3 Qd7 11. Ng5 Rfe8 12. Qd2 Nd4 13. Nxe6 Qxe6 14. f4 Bh6 15. g4
Nxg4 16. hxg4 Qxg4 17. Bxd4 exd4 18. Nd5 Re6 19. Nxc7 Rf8 20. Nd5 f5 21. Rae1
fxe4 22. Rxe4 Re5 23. fxe5 Rxf1+ 24. Kxf1 Qxe4 25. Nf6+ {Black resigns} 1-0